 Dungeon Crawl Stone Soup version 0.15-a0-2352-g26abbdd (webtiles) character file.

693 KaKa the Schismatic (level 7, -2/62 HPs)
             Began as a Naga Abyssal Knight on July 31, 2014.
             Was an Elder of Lugonu.
             Slain by a big kobold
             ... wielding a +1 short sword of protection
              (4 damage)
             ... in a sewer.
             The game lasted 00:36:03 (3938 turns).

KaKa the Schismatic (Naga Abyssal Knight)           Turns: 3938, Time: 00:36:03

HP  -2/62        AC  5     Str 20      XL: 7   Next: 64%
MP   3/13        EV  9     Int 14      God: Lugonu [****..]
Gold 118         SH  0     Dex 12      Spells:  1 memorised, 10 levels left

rFire  + . .     SeeInvis +     a - +2 spear
rCold  x . .     Clarity  +     b - +0 leather armour
rNeg   . . .     rCorr    .     (no shield)
rPois  +         rRot     .     x - +0 helmet
rElec  .         Spirit   .     (no cloak)
SustAb .         Warding  .     (no gloves)
rMut   .         Stasis   .     (no barding)
Gourm  .                        e - amulet of clarity
MR     .....                    (no ring)
                                p - ring of fire

@: mighty, very slow, not resistant to hostile enchantments, very unstealthy
A: spit poison, see invisible, agile 1, deformed body, poison resistance,
slowness 2, forlorn, placid magic 1, AC +2
a: Spit Poison, Depart the Abyss, Bend Space, Banish, Corrupt, Renounce Religion


You were in a sewer.
You worshipped Lugonu.
Lugonu was greatly pleased with you.
You were not hungry.

You visited 1 branch of the dungeon, and saw 4 of its levels.
You visited the Abyss 1 time.
You also visited: Sewer.

You collected 118 gold pieces.

Inventory:

Hand weapons
 a - a +2 spear (weapon)
Missiles
 j - 33 stones
 z - 3 poisoned javelins (quivered)
Armour
 b - a +0 leather armour (worn)
 w - a +0 ring mail
 x - a +0 helmet (worn)
Magical devices
 A - a wand of magic darts (11)
Comestibles
 c - 5 bread rations
 f - a slice of pizza
 k - 9 fruits
 o - a meat ration
Scrolls
 g - a scroll of noise {unknown}
 l - 3 scrolls of identify
 m - 2 scrolls of amnesia
 q - a scroll of fog
 s - 2 scrolls of teleportation
 u - a scroll of blinking
 B - a scroll of fear {unknown}
Jewellery
 e - an amulet of clarity (around neck)
 h - an uncursed ring of flight
 p - a ring of fire (left hand)
Potions
 i - a potion of resistance
 t - a potion of agility
 v - 2 potions of flight {unknown}
Books
 y - a book of Minor Magic

   Spells                             Type                      Level
   *Magic Dart                        Conjuration                  1
   Blink                              Translocation                2
   Call Imp                           Summoning                    2
   Repel Missiles                     Charms/Air                   2
   Slow                               Hexes                        2
   Conjure Flame                      Conjuration/Fire             3
   Mephitic Cloud                     Conjuration/Poison/Air       3


   Skills:
 - Level 3.1 Fighting
 - Level 5.1 Polearms
 - Level 1.5 Armour
 - Level 0.7 Dodging
 + Level 2.6 Spellcasting
 + Level 2.7 Conjurations
 + Level 5.4 Invocations


You had 10 spell levels left.
You knew the following spells:

 Your Spells              Type           Power        Failure   Level  Hunger
a - Magic Dart            Conj           #...         4%          1    #......


Dungeon Overview and Level Annotations

Branches:
Dungeon (4/15)
 Temple: D:4-7

Altars:

Annotations:
Abyss:1 Grinder


Innate Abilities, Weirdness & Mutations

You cannot wear boots.
You can spit poison.
Your serpentine skin is tough (AC +2).
You have supernaturally acute eyesight.
Armour fits poorly on your strangely shaped body.
Your system is resistant to poisons.
You cover ground very slowly.
You are agile. (Dex +2)
You have difficulty communicating with the divine.
Your spells are a little easier to cast, but a little less powerful.


Message History

The big kobold closely misses you.
You hit the big kobold.
The big kobold is severely wounded.
The big kobold barely misses you.
You hit the big kobold.
The big kobold is severely wounded.
The big kobold hits you with a glowing short sword.
* * * LOW HITPOINT WARNING * * *
Drink which item? (? for menu, Esc to quit)
Okay, then.
Use which ability? (? or * to list)
You don't have enough magic at the moment.
You hit the big kobold but do no damage.
The big kobold is severely wounded.
Drink which item? (? for menu, Esc to quit)
Okay, then.
You hit the big kobold.
The big kobold is almost dead.
The big kobold hits you with a glowing short sword.
You die...

#### #####..##
#...#....
##########...#....
######..((..##.P.......
#....#@................
#!!..)K≈.≈.......≈P≈≈..
#.∩..'≈≈≈≈...≈≈≈≈≈≈≈≈≈P
#?...#≈P≈P...≈≈P≈≈≈≈≈≈≈
######≈##########≈≈≈≈##
≈≈≈≈≈≈≈≈≈≈≈≈≈≈≈≈≈≈≈
≈≈≈≈≈≈≈≈≈≈≈≈≈≈≈≈≈≈≈
≈≈≈≈≈≈≈≈≈≈≈≈≈≈≈≈≈≈≈
##############≈#######≈


You could see a big kobold.

Vanquished Creatures
  An ogre (D:4)
  3 big kobolds (Sewer)
  2 orc wizards (D:3)
  A worker ant (D:4)
  7 adders
  3 worms
  An ooze (Sewer)
  An orc (D:3)
  12 goblins
  8 hobgoblins
  8 jackals
  17 kobolds
  2 quokkas
  4 ball pythons
  17 bats
  4 giant cockroaches
  2 giant geckos (D:4)
  3 giant newts
  24 rats
120 creatures vanquished.

Vanquished Creatures (others)
  An orc priest (D:3)
1 creature vanquished.

Grand Total: 121 creatures vanquished

Notes
Turn   | Place    | Note
--------------------------------------------------------------
     0 | Abyss:1  | KaKa, the Naga Abyssal Knight, began the quest for the Orb.
     0 | Abyss:1  | Reached XP level 1. HP: 21/21 MP: 1/1
    13 | D:1      | Escaped the Abyss
    34 | D:1      | Acquired Lugonu's first power
    93 | D:1      | Reached XP level 2. HP: 21/28 MP: 2/2
   363 | D:1      | Acquired Lugonu's second power
   414 | D:1      | Reached XP level 3. HP: 26/34 MP: 4/4
  1370 | D:2      | Reached XP level 4. HP: 38/42 MP: 4/6
  1989 | D:2      | Acquired Lugonu's third power
  1989 | D:2      | Reached skill level 4 in Polearms
  2371 | D:3      | Reached XP level 5. HP: 49/49 MP: 8/8
  2938 | D:3      | Reached skill level 5 in Polearms
  3178 | D:3      | Reached XP level 6. HP: 53/56 MP: 10/10
  3485 | D:4      | Learned a level 1 spell: Magic Dart
  3557 | D:4      | Reached skill level 1 in Spellcasting
  3557 | D:4      | Reached skill level 1 in Conjurations
  3599 | D:4      | Noticed Grinder
  3601 | D:4      | Acquired Lugonu's fourth power
  3601 | D:4      | Banished Grinder
  3601 | D:4      | Reached XP level 7. HP: 58/62 MP: 13/13
  3699 | D:4      | Found a glowing drain.
  3703 | Sewer    | Entered a sewer
  3733 | Sewer    | Reached skill level 5 in Invocations
  3774 | Sewer    | Gained mutation: You have difficulty communicating with the divine. [potion of mutation]
  3774 | Sewer    | Gained mutation: Your spells are a little easier to cast, but a little less powerful. [potion of mutation]
  3774 | Sewer    | Gained mutation: You are agile. (Dex +2) [potion of mutation]
  3936 | Sewer    | HP: 1/62 [big kobold/glowing short sword (6)]
  3938 | Sewer    | Slain by a big kobold

Action                   |  1- 3 |  4- 6 |  7- 9 || total
-------------------------+-------+-------+-------++-------
Melee: Spear             |   141 |   220 |    56 ||   417
Throw: Stone             |    16 |    42 |       ||    58
       Javelin           |       |     3 |       ||     3
 Cast: Magic Dart        |       |     2 |    35 ||    37
Invok: Depart the Abyss  |     1 |       |       ||     1
       Banish            |       |     2 |     1 ||     3
 Abil: Spit Poison       |     9 |    16 |     7 ||    32
Evoke: Wand              |       |     1 |     4 ||     5
  Use: Potion            |       |     2 |     6 ||     8
       Scroll            |       |     7 |     5 ||    12
 Stab: Distracted        |       |     1 |       ||     1
  Eat: Chunk             |     1 |    10 |     1 ||    12
       Pizza             |       |       |     1 ||     1
